 Dungeon Sprint DCSS version 0.21.0-3-g78d12a8 (webtiles) character file.

68611 wojtek the Executioner (level 13, -5/138 HPs)
             Began as a Minotaur Berserker on Jan 15, 2018.
             Was a High Priest of Trog.
             Slain by a vampire knight
             ... wielding a +2 battleaxe
              (15 damage)
             ... in the Dungeon (Sprint III: "The Ten Rune Challenge").
             The game lasted 00:23:23 (7814 turns).

wojtek the Executioner (Minotaur Berserker)         Turns: 7814, Time: 00:23:24

Health: -5/138     AC: 19    Str: 27    XL:     13   Next: 75%
Magic:  1/7        EV: 17    Int: 12    God:    Trog [*****.]
Gold:   23         SH:  0    Dex: 10    Spells: 12/12 levels left

rFire    + . .     SeeInvis .   u - +4 executioner's axe of Satyriasis {antimagic, Fragile rF+ Int+3}
rCold    . . .     Gourm    .   (shield currently unavailable)
rNeg     . . .     Faith    .   y - +1 chain mail {MR+}
rPois    +         Spirit   .   x - +3 hat of Pondering {ponderous, MR+ MP+10 Int+5}
rElec    .         Reflect  .   (no cloak)
rCorr    .         Harm     .   (no gloves)
MR       ++...     NoTele   +   (no boots)
Stlth    ..........             (no amulet)
HPRegen  0.33/turn              B - ring of flight
MPRegen  0.10/turn              D - ring of poison resistance

@: berserk cooldown, slowed, very slow
A: retaliatory headbutt, horns 2
}: 2/10 runes: serpentine, barnacled
a: Berserk, Trog's Hand, Brothers in Arms, Burn Spellbooks, Renounce Religion,
Evoke Flight


You were in the Dungeon.
You worshipped Trog.
Trog was extremely pleased with you.
You were very hungry.

You visited 1 branch You collected 1251 gold pieces.
You spent 1228 gold pieces at shops.

Inventory:

Hand Weapons
 a - a +0 hand axe
 j - a +1 battleaxe of electrocution
 q - a +2 battleaxe of flaming
 r - a +0 antimagic broad axe
 u - the +4 executioner's axe of Satyriasis (weapon) {antimagic, Fragile rF+ Int+3}
   (Trog gifted it to you in the Dungeon)

   It reduces the magical energy of the wielder, and disrupts the spells and
   magical abilities of those hit.
   Natural abilities and divine invocations are not affected.
   It affects your intelligence (+3).
   It protects you from fire.
   It will be destroyed if unequipped.
 v - a +7 broad axe of chopping
 z - a +4 battleaxe of draining
 G - a +0 battleaxe of electrocution
Missiles
 s - 8 throwing nets (quivered)
Armour
 t - a +0 plate armour
 x - the +3 hat of Pondering (worn) {ponderous, MR+ MP+10 Int+5}
   (You took it off Gastronok in the Dungeon)

   It affects your intelligence (+5).
   It affects your resistance to hostile enchantments.
   It affects your magic capacity (+10).
 y - a +1 chain mail of magic resistance (worn)
 I - the +3 ring mail "Diecviowk" {*Slow rPois Int+9 Stlth+}
   (You found it in the Dungeon)

   It affects your intelligence (+9).
   It protects you from poison.
   It may slow you when you take damage.
   It makes you more stealthy.
 K - a +1 scale mail of fire resistance
Jewellery
 b - an uncursed ring of protection from fire
 B - a ring of flight (left hand)
 C - an uncursed ring of ice
 D - a ring of poison resistance (right hand)
Wands
 F - a wand of polymorph (18)
 J - a wand of acid (10)
Scrolls
 i - 2 scrolls of blinking
 l - a scroll of torment {unknown}
 m - 3 scrolls of identify {unknown}
 o - a scroll of immolation {unknown}
 p - 2 scrolls of remove curse {unknown}
Potions
 d - 2 potions of curing
 e - 5 potions of heal wounds
 f - a potion of haste
 g - 2 potions of magic
 h - 2 potions of berserk rage
 k - 5 potions of mutation
 n - 2 potions of flight {unknown}
 w - a potion of invisibility {unknown}
 A - 2 potions of agility {unknown}
 H - 3 potions of brilliance {unknown}
Miscellaneous
 E - a lamp of fire
Comestibles
 c - 20 rations


   Skills:
 + Level 19.4 Fighting
 * Level 25.4 Axes
 + Level 19.3 Armour
 + Level 17.9 Dodging


You had 12 spell levels left.
You didn't know any spells.

Dungeon Overview and Level Annotations

Branches:
Dungeon (1/1)

Altars:
Cheibriados
Dithmenos
Elyvilon
Fedhas
Gozag
Hepliaklqana
Kikubaaqudgha
Makhleb
Nemelex Xobeh
Okawaru
Qazlal
Ru
Sif Muna
Trog
Uskayaw
Vehumet
Wu Jian
Xom
Yredelemnul
Zin
The Shining One
Beogh
Jiyva
Lugonu

Shops:
D %(}([=!?:(}*!=%[=?=

Annotations:
D exclusion: obsidian statue


Innate Abilities, Weirdness & Mutations

You reflexively headbutt those who attack you in melee.
You have a pair of horns on your head.


Message History

Something bites you.
* * * LOW HITPOINT WARNING * * *
Something draws strength from your injuries!
A vampire knight opens the door.
Your deep troll barely misses the vampire knight.
Your deep troll claws the vampire knight but does no damage.
Your deep troll claws the vampire knight!!
Something hits you!
* * * LOW HITPOINT WARNING * * *
Something bites you but does no damage.
There's a creature in the doorway!
Unknown command.
You slash the vampire knight!
You destroy the vampire knight!
Trog accepts your kill.
Trog appreciates your killing of a magic user.
Something appears at your feet! Trog grants you a weapon!
You slash something! Something hits you!
You die...

≈≈≈≈≈≈≈≈≈≈≈▓#.# ###..§#.∩∩∩∩.#
≈≈≈≈≈≈≈≈≈≈≈▓#.# #..§§§#.∩∩∩∩.#
≈≈≈≈≈≈≈≈≈≈≈▓#.#§...§.§#......#
≈≈≈≈≈≈≈≈≈≈≈▓#.#§§...§§###''###
≈≈≈≈≈≈≈≈≈≈≈▓#.§§§§§..§#.⌠§.⌠.#
≈≈≈≈≈≈≈≈≈≈≈▓#########§#..§...#
≈≈......≈≈≈▓#.#.#.#.#........#
≈..∩∩.∩..≈≈▓#................#
▓▓▓▓▓▓▓▓▓▓▓▓#...@............#
###T############## ##...##
§≈§§≈## ##.....## .§≈P≈#.
#..)..T.###.9.P≈#.
+.......§....§..V.
#.......#####.P≈#. ##.....##
≈#. ##...## #


You could see a friendly deep troll (berserk).

Vanquished Creatures
  Rupert (D)
  Gastronok (D)
  Harold (D)
  A kraken (D)
  A nagaraja (D)
  A vampire knight (D)
  2 dire elephants (D)
  Erolcha (D)
  2 hydras (D)
  2 alligator snapping turtles (D)
  5 anacondas (D)
  3 death yaks (D)
  A death drake (D)
  A lindwurm (D)
  Joseph (D)
  2 deep elf magi (D)
  4 crystal guardians (D)
  4 statues (D)
  6 black mambas (D)
  A molten gargoyle (D)
  2 spiny frogs (D)
  A rime drake (D)
  A komodo dragon (D)
  A queen bee (D)
  3 wandering mushrooms (D)
  8 blink frogs (D)
  3 orc high priests (D)
  4 snapping turtles (D)
  A shadow (D)
  5 redbacks (D)
  2 spriggans (D)
  2 nagas (D)
  A spatial vortex (D)
  3 water moccasins (D)
  A swamp drake (D)
  A fire dragon simulacrum (D)
  A necrophage (D)
  A black mamba simulacrum (D)
  2 two-headed ogres (D)
  A water elemental (D)
  13 killer bees (D)
  An electric eel (D)
  A jelly (D)
  A wizard (D)
  Jessica (D)
  A necromancer (D)
  A wolf simulacrum (D)
  A polar bear simulacrum (D)
  3 humans (D)
  A kobold demonologist (D)
  2 adders (D)
  A phantom (D)
  An orc (D)
  A bat (D)
  3 rats (D)
  A fungus (D)
  4 plants (D)
122 creatures vanquished.

Vanquished Creatures (collateral kills)
  Mara (D)
  A naga warrior (D)
  A death yak (D)
  Urug (D)
  3 deep elf knights (D)
  A spriggan druid (D)
  A deep elf mage (D)
  A guardian serpent (D)
  2 elephants (D)
  An orc high priest (D)
  2 tyrant leeches (D)
  2 orc warriors (D)
  3 two-headed ogres (D)
  19 killer bees (D)
  2 orc priests (D)
  4 orc wizards (D)
  8 orcs (D)
  A plant (D)
54 creatures vanquished.

Vanquished Creatures (others)
  2 draconian scorchers (D)
  6 hellions (D)
  3 yaktaurs (D)
  8 plants (D)
19 creatures vanquished.

Grand Total: 195 creatures vanquished

Notes
Turn   | Place    | Note
-------+----------+-------------------------------------------
     0 | D        | wojtek the Minotaur Berserker began the quest for the Orb.
     0 | D        | Reached XP level 1. HP: 19/19 MP: 0/0
     6 | D        | Reached skill level 4 in Axes
    20 | D        | Noticed Jessica
    21 | D        | Killed Jessica
    21 | D        | Reached ** piety under Trog
    21 | D        | Reached skill level 5 in Axes
    21 | D        | Reached XP level 2. HP: 28/28 MP: 1/1
    51 | D        | Reached skill level 5 in Fighting
    51 | D        | Reached skill level 6 in Axes
    51 | D        | Reached XP level 3. HP: 36/36 MP: 2/2
   103 | D        | Killed a hellion
   104 | D        | Killed a hellion
   107 | D        | Reached *** piety under Trog
   147 | D        | Killed a white draconian scorcher
   149 | D        | Killed a white draconian scorcher
   173 | D        | Killed a hellion
   185 | D        | Killed a hellion
   186 | D        | Killed a hellion
   228 | D        | Killed a hellion
   249 | D        | Noticed a water elemental
   253 | D        | Killed a water elemental
   253 | D        | Reached skill level 7 in Axes
   253 | D        | Reached skill level 5 in Armour
   253 | D        | Reached XP level 4. HP: 28/44 MP: 3/3
   314 | D        | Killed a yaktaur
   436 | D        | Found a radiant altar of Vehumet.
   436 | D        | Found a deep blue altar of Sif Muna.
   436 | D        | Found an ancient bone altar of Kikubaaqudgha.
   436 | D        | Noticed a wizard
   439 | D        | Killed a wizard
   439 | D        | Reached skill level 8 in Axes
   439 | D        | Reached skill level 5 in Dodging
   440 | D        | Reached **** piety under Trog
   440 | D        | Reached XP level 5. HP: 51/51 MP: 4/4
   478 | D        | Found a glowing silver altar of Zin.
   478 | D        | Found a glowing golden altar of the Shining One.
   478 | D        | Found a white marble altar of Elyvilon.
   479 | D        | Noticed a deep elf mage
   491 | D        | Killed a deep elf mage
   491 | D        | Reached ***** piety under Trog
   491 | D        | Reached skill level 12 in Axes
   491 | D        | Reached XP level 6. HP: 53/63 MP: 5/5
   491 | D        | Reached XP level 7. HP: 59/70 MP: 6/6
   542 | D        | Found a hide-covered altar of Uskayaw.
   542 | D        | Found a roughly hewn altar of Beogh.
   542 | D        | Found an iron altar of Okawaru.
   542 | D        | Found a bloodstained altar of Trog.
   542 | D        | Found an ornate altar of the Wu Jian Council.
   542 | D        | Noticed a human
   542 | D        | Noticed a human
   548 | D        | Killed a human
   552 | D        | Killed a human
   552 | D        | Received a gift from Trog
   645 | D        | Found a basalt altar of Yredelemnul.
   645 | D        | Found a shadowy altar of Dithmenos.
   645 | D        | Found a sacrificial altar of Ru.
   648 | D        | Reached skill level 13 in Axes
   650 | D        | Reached skill level 10 in Fighting
   707 | D        | Noticed a shadow
   710 | D        | Killed a shadow
   710 | D        | Received a gift from Trog
   710 | D        | Reached XP level 8. HP: 79/79 MP: 7/7
   712 | D        | Reached skill level 10 in Armour
   757 | D        | Found a blossoming altar of Fedhas.
   757 | D        | Found a stormy altar of Qazlal.
   757 | D        | Found a snail-covered altar of Cheibriados.
   757 | D        | Found a burning altar of Makhleb.
   757 | D        | Found a shimmering altar of Xom.
   759 | D        | Found a hazy altar of Hepliaklqana.
   759 | D        | Found an opulent altar of Gozag.
   759 | D        | Found a sparkling altar of Nemelex Xobeh.
   759 | D        | Found a corrupted altar of Lugonu.
   759 | D        | Found a viscous altar of Jiyva.
   803 | D        | Reached skill level 14 in Axes
   820 | D        | Noticed a two-headed ogre
   826 | D        | Killed a two-headed ogre
   964 | D        | Noticed a two-headed ogre
   964 | D        | Noticed Erolcha
   970 | D        | Killed Erolcha
   970 | D        | Reached skill level 15 in Axes
   970 | D        | Reached skill level 10 in Dodging
   970 | D        | Reached XP level 9. HP: 75/89 MP: 8/8
   975 | D        | Killed a two-headed ogre
  1158 | D        | Received a gift from Trog
  1161 | D        | Reached skill level 16 in Axes
  1162 | D        | Found Neneluto's Antique Armour Boutique.
  1167 | D        | Received a gift from Trog
  1167 | D        | Reached ****** piety under Trog
  1390 | D        | Noticed a queen bee
  1394 | D        | Received a gift from Trog
  1408 | D        | Received a gift from Trog
  1417 | D        | Received a gift from Trog
  1873 | D        | Reached XP level 10. HP: 100/100 MP: 9/9
  1887 | D        | Got an encrusted executioner's axe {god gift}
  1888 | D        | Identified the +4 executioner's axe of Satyriasis {antimagic, Fragile rF+ Int+3} (Trog gifted it to you in the Dungeon)
  1891 | D        | Reached skill level 17 in Axes
  1897 | D        | Received a gift from Trog
  2122 | D        | Noticed a spiny frog
  2122 | D        | Noticed a spiny frog
  2128 | D        | Killed a spiny frog
  2130 | D        | Killed a spiny frog
  2130 | D        | Received a gift from Trog
  2137 | D        | Paralysed by fainting for 7 turns
  2258 | D        | Reached skill level 18 in Axes
  2539 | D        | Received a gift from Trog
  2669 | D        | Noticed Rupert
  2669 | D        | Paralysed by Rupert for 7 turns
  2684 | D        | Killed Rupert
  2684 | D        | Reached skill level 19 in Axes
  2684 | D        | Reached XP level 11. HP: 10/111 MP: 3/10
  3065 | D        | Noticed an azure jelly
  3065 | D        | Noticed an azure jelly
  3065 | D        | Noticed an azure jelly
  3065 | D        | Noticed an azure jelly
  3076 | D        | Noticed a dire elephant
  3076 | D        | Noticed a dire elephant
  3076 | D        | Noticed Gastronok
  3081 | D        | Killed a dire elephant
  3091 | D        | Killed a dire elephant
  3091 | D        | Reached skill level 15 in Fighting
  3100 | D        | Killed Gastronok
  3100 | D        | Reached skill level 20 in Axes
  3100 | D        | Reached skill level 15 in Armour
  3466 | D        | Noticed a death yak
  3467 | D        | Noticed a death yak
  3468 | D        | Noticed a death yak
  3472 | D        | Noticed a death yak
  3472 | D        | Killed a death yak
  3480 | D        | Killed a death yak
  3488 | D        | Killed a death yak
  3499 | D        | Killed a death yak
  3499 | D        | Reached skill level 21 in Axes
  3525 | D        | Reached XP level 12. HP: 48/122 MP: 7/11
  3795 | D        | Noticed an anaconda
  3799 | D        | Killed an anaconda
  3799 | D        | Reached skill level 15 in Dodging
  3804 | D        | Received a gift from Trog
  3852 | D        | Noticed an anaconda
  3858 | D        | Killed an anaconda
  3861 | D        | Noticed an anaconda
  3868 | D        | Killed an anaconda
  3875 | D        | Reached skill level 22 in Axes
  4026 | D        | Noticed an anaconda
  4027 | D        | Noticed an anaconda
  4034 | D        | Killed an anaconda
  4039 | D        | Killed an anaconda
  4362 | D        | Noticed a naga warrior
  4375 | D        | Noticed a nagaraja
  4376 | D        | Killed a naga warrior
  4376 | D        | Received a gift from Trog
  4380 | D        | Killed a nagaraja
  4390 | D        | Found Biadugy's Food Boutique.
  4390 | D        | Found Iziamoboqa's Antique Weapon Emporium.
  4392 | D        | Found Raggaibb's Gadget Shop.
  4648 | D        | Got a serpentine rune of Zot
  4849 | D        | Noticed Urug
  4854 | D        | Killed Urug
  4854 | D        | Received a gift from Trog
  4854 | D        | Reached skill level 23 in Axes
  5067 | D        | Noticed an eight-headed hydra
  5067 | D        | Noticed an eight-headed hydra
  5088 | D        | Killed an 11-headed hydra
  5092 | D        | Killed a nine-headed hydra
  5777 | D        | Noticed a kraken
  5789 | D        | Killed a kraken
  5789 | D        | Reached XP level 13. HP: 134/134 MP: 7/12
  5884 | D        | Found Jattidun's Distillery.
  5884 | D        | Found Rimytz's Jewellery Shop.
  5884 | D        | Found Hoprubb's Antique Weapon Emporium.
  6211 | D        | Got a barnacled rune of Zot
  6213 | D        | Bought a potion of curing for 36 gold pieces
  6215 | D        | Bought an uncursed ring of flight for 227 gold pieces
  6219 | D        | Bought an uncursed ring of ice for 325 gold pieces
  6219 | D        | Bought an uncursed ring of poison resistance for 260 gold pieces
  6241 | D        | Found a blossoming altar of Fedhas.
  6252 | D        | Reached skill level 24 in Axes
  6325 | D        | Received a gift from Trog
  6543 | D        | Got a slimy ring mail
  6633 | D        | Identified the +3 ring mail "Diecviowk" {*Slow rPois Int+9 Stlth+} (You found it in the Dungeon)
  6752 | D        | Noticed a Tzitzimitl
  6755 | D        | Noticed a deep elf demonologist
  6756 | D        | Noticed a deep elf demonologist
  6757 | D        | Noticed a deep elf death mage
  6758 | D        | Noticed a Hell Sentinel
  6758 | D        | Noticed a deep elf blademaster
  7091 | D        | Noticed Harold
  7091 | D        | Noticed Joseph
  7096 | D        | Killed Harold
  7099 | D        | Killed Joseph
  7152 | D        | Received a gift from Trog
  7647 | D        | Found Meiq's Distillery.
  7647 | D        | Found Nuas's Food Shop.
  7647 | D        | Found Defios's Gadget Boutique.
  7647 | D        | Found Wouzuo's Jewellery Shoppe.
  7647 | D        | Found Zeunuem's General Store.
  7647 | D        | Found Xoupoj's Jewellery Emporium.
  7647 | D        | Found Xumaiq's Antique Weapon Shoppe.
  7647 | D        | Found Idwuklin's Magic Scroll Shop.
  7647 | D        | Found Ris Paq's Book Shop.
  7647 | D        | Found Ejuhi's Jewellery Emporium.
  7647 | D        | Found Gicuho Gung's Magic Scroll Emporium.
  7647 | D        | Found Jattich's Antique Armour Boutique.
  7680 | D        | Bought an uncursed ring of protection from fire for 250 gold pieces
  7695 | D        | Bought a scroll of blinking for 75 gold pieces
  7698 | D        | Bought a potion of heal wounds for 55 gold pieces
  7794 | D        | Noticed Mara
  7795 | D        | Noticed a vampire knight
  7795 | D        | Noticed a vampire knight
  7802 | D        | Noticed wojtek's illusion
  7806 | D        | Reached skill level 25 in Axes
  7808 | D        | Killed Mara
  7814 | D        | Killed a vampire knight
  7814 | D        | Received a gift from Trog
  7814 | D        | Slain by a vampire knight

Skill      XL: |  1  2  3  4  5  6  7  8  9 10 11 12 13 |
---------------+----------------------------------------+-----
Axes           | 5 6 7 8 12 13 15 16 19 21 23 25 | 25.4
Fighting       | 4 5 6 9 10 11 12 14 16 17 19 | 19.4
Armour         | 3 4 5 8 9 11 12 14 16 17 19 | 19.3
Dodging        | 3 4 5 7 9 10 11 13 14 16 17 | 17.9

Action                   |  1- 3 |  4- 6 |  7- 9 | 10-12 | 13-15 || total
-------------------------+-------+-------+-------+-------+-------++-------
Melee: Hand axe          |    19 |     6 |    12 |       |       ||    37
       Headbutt          |     3 |       |    10 |    42 |    19 ||    74
       Battleaxe         |       |       |    49 |     4 |       ||    53
       Executioner's axe |       |       |       |   190 |    88 ||   278
Invok: Berserk           |     3 |     1 |     4 |     7 |     4 ||    19
       Burn Spellbooks   |       |     1 |     1 |       |       ||     2
       Brothers in Arms  |       |       |     8 |    14 |     8 ||    30
 Abil: Evoke Flight      |       |       |       |       |     2 ||     2
  Use: Potion            |       |       |     1 |     1 |     1 ||     3
       Scroll            |       |       |       |       |     1 ||     1
 Stab: Distracted        |       |       |       |     1 |       ||     1
  Eat: Ration            |       |     1 |     2 |     5 |     2 ||    10
       Chunk             |       |       |     2 |     8 |     6 ||    16
Armor: Animal skin       |     2 |       |       |       |       ||     2
       Plate armour      |       |       |    28 |   115 |    19 ||   162
       Chain mail        |       |       |       |       |    21 ||    21
Dodge: Dodged            |     9 |       |    51 |   121 |    58 ||   239
